 Dungeon Crawl Stone Soup version 0.30-a0-737-gf23d94013f (webtiles) character file.

Game seed: 17758790331848177633

896 arthad the Digger (level 8, 0/44 HPs)
             Began as a Gargoyle Earth Elementalist on Feb 3, 2023.
             Was an Initiate of Gozag.
             Slain by a troll (11 damage)
             ... on level 6 of the Dungeon.
             The game lasted 00:09:45 (3935 turns).

arthad the Digger (Gargoyle Earth Elementalist)     Turns: 3935, Time: 00:09:46

Health: 0/44       AC: 12    Str: 12    XL:     8   Next: 7%
Magic:  14/14      EV: 12    Int: 18    God:    Gozag
Gold:   310        SH:  0    Dex: 10    Spells: 11/15 levels left

rFire   . . .      SeeInvis .    m - +3 whip (elec)
rCold   . . .      Faith    .    (no shield)
rNeg    + . .      Spirit   .    a - +0 robe
rPois   ∞          Reflect  .    z - +1 helmet
rElec   +          Harm     .    h - +0 cloak
rCorr   .          Rampage  .    v - +1 pair of gloves
Will    .....                    (no boots)
Stlth   ++                       (no amulet)
HPRegen 0.27/turn                (no ring)
MPRegen 0.14/turn                (no ring)

@: no status effects
A: sickness immunity, AC +5, negative energy resistance 1, electricity
resistance, torment resistance 1, petrification resistance
a: Renounce Religion, Potion Petition, Call Merchant, Bribe Branch


You were on level 6 of the Dungeon.
You worshipped Gozag.
Gozag was aware of your devotion.
You visited 1 branch of the dungeon, and saw 7 of its levels.

You collected 328 gold pieces.
You paid 18 gold pieces to Gozag.

Inventory:

Hand Weapons
 m - a +3 whip of electrocution (weapon)
 B - a +2 whip of venom
Missiles
 y - 2 throwing nets
Armour
 a - a +0 robe (worn)
 h - a +0 cloak (worn)
 v - a +1 pair of gloves (worn)
 z - a +1 helmet (worn)
Jewellery
 s - a ring of fire
Wands
 r - a wand of flame (13)
Scrolls
 c - 5 scrolls of identify {unknown}
 d - 2 scrolls of fear {unknown}
 k - a scroll of enchant weapon {unknown}
 n - 2 scrolls of teleportation {unknown}
 o - a scroll of vulnerability {unknown}
 p - a scroll of torment {unknown}
 q - a scroll of fog {unknown}
 t - 2 scrolls of immolation {unknown}
 x - a scroll of butterflies {unknown}
 A - a scroll of blinking {unknown}
Potions
 e - a potion of degeneration {unknown}
 f - a potion of resistance {unknown}
 g - a potion of haste {unknown}
 i - a potion of ambrosia {unknown}
 j - a potion of might {unknown}
 l - a potion of heal wounds {unknown}
 u - a potion of berserk rage {unknown}
 w - a potion of curing


   Skills:
 + Level 2.0 Fighting
 + Level 2.9 Dodging
 + Level 4.1 Stealth
 * Level 4.1 Spellcasting
 * Level 4.5 Conjurations
 - Level 1.5 Transmutations
 * Level 6.1 Earth Magic


You had 11 spell levels left.
You knew the following spells:

 Your Spells              Type           Power      Damage    Failure   Level
a - Sandblast             Erth           50%        2d12      1%          1
b - Stone Arrow           Conj/Erth      44%        3d9       4%          3

Your spell library contained the following spells:

 Spells                   Type           Power      Damage    Failure   Level
 Magic Dart               Conj           76%        1d6       2%          1
 Passwall                 Tmut/Erth      14%        N/A       4%          2
 Beastly Appendage        Tmut           18%        N/A       8%          1
 Wereblood                Tmut           9%         N/A       12%         2
 Petrify                  Tmut/Erth      17%        N/A       30%         4
 Spider Form              Tmut/Pois      6%         N/A       32%         3
 Animate Armour           Summ/Erth      28%        N/A       38%         4
 Lehudib's Crystal Spear  Conj/Erth      11%        10d4      100%        8


Dungeon Overview and Level Annotations

Branches:
Dungeon (7/15)
 Temple: D:4-7

Altars:
Gozag

Shops:
D:2 =


Innate Abilities, Weirdness & Mutations

You are immune to sickness and miasma.
Your stone body is resilient. (AC +5)
You are immune to poison.
You resist negative energy. (rN+)
You are resistant to electric shocks. (rElec)
You are resistant to unholy torment.
You are immune to petrification.


Message History

You closely miss the kobold. The kobold closely misses you.
The kobold attacks as you move away! The kobold barely misses you.
There is a stone staircase leading up here.
You climb upwards.
Found 15 gold pieces and a leather armour.
Found a stone staircase leading down.
There is a stone staircase leading down here.
You climb downwards.
You hear the hiss of flowing sand.
There is an entrance to an ossuary on this level.
Hurry and find it before the portal is buried!
The kobold throws a stone.
The stone hits you but does no damage.
There is a stone staircase leading up here.
The blast of sand hits the troll.
The troll is lightly wounded.
The troll barely misses you. x2; The troll claws you but does no damage.
The troll misses you. x2; The troll claws you!
The blast of sand hits the troll.
The troll is lightly wounded.
The troll bites you! The troll claws you.
The troll claws you but does no damage. Magic courses through your body.
The troll barely misses you. The troll claws you. x2
* * * LOW HITPOINT WARNING * * *
The kobold closely misses you. The kobold attacks as you move away!
The kobold closely misses you.
You see here a +0 robe.
Casting: Sandblast (safe; 1% risk of failure)
Confirm with . or Enter, or press ? or * to list all spells.
You don't know that spell.
Unknown command.
Okay, then.
Okay, then.
It was a potion of curing.
You feel better. The kobold hits you with a +0 whip. The troll misses you.
The troll claws you but does no damage. The troll claws you.
* * * LOW HITPOINT WARNING * * *
The kobold throws a stone.
The stone misses you. The troll attacks as you move away! The troll bites you!
You die...
Your body crumbles into a pile of gold.

.............#
.......$.....## .
#...[.......###
#.#...$$........#
......$.........#
................#
......K.<>......#
.......T.........
.......@.........
.........#..####.
.........##.#
.........# ...
.........# ..##
#..#..#?.. #..
..........
###...#..##


You could see a troll and a kobold.

Vanquished Creatures
  A water moccasin (D:3)
  A black bear (D:4)
  2 kobold brigands
  A bullfrog (D:7)
  A necrophage (D:4)
  4 wights (D:7)
  2 hounds (D:4)
  An iguana (D:4)
  3 gnolls (D:3)
  4 adders
  A worm (D:3)
  2 dart slugs
  An orc (D:3)
  5 bats
  9 endoplasms
  5 giant cockroaches
  3 goblins
  7 hobgoblins
  3 quokkas
  5 ball pythons
  7 frilled lizards
  14 kobolds
  7 rats
89 creatures vanquished.

Vanquished Creatures (others)
  2 plants (D:3)
2 creatures vanquished.

Grand Total: 91 creatures vanquished

Notes
Turn   | Place    | Note
-------+----------+-------------------------------------------
     0 | D:1      | arthad the Gargoyle Earth Elementalist began the quest for
                  | the Orb.
     0 | D:1      | Reached XP level 1. HP: 10/10 MP: 3/3
   276 | D:1      | Reached XP level 2. HP: 15/15 MP: 3/5
   388 | D:1      | Reached skill level 1 in Conjurations
   493 | D:1      | Reached skill level 1 in Transmutations
   655 | D:1      | Reached XP level 3. HP: 19/19 MP: 4/6
   987 | D:2      | Reached skill level 4 in Earth Magic
  1012 | D:2      | Learned a level 3 spell: Stone Arrow
  1398 | D:2      | Found Facits's Jewellery Emporium.
  2249 | D:3      | Reached XP level 4. HP: 24/24 MP: 3/7
  2487 | D:3      | Noticed a water moccasin
  2499 | D:3      | Killed a water moccasin
  2500 | D:3      | Reached XP level 5. HP: 21/28 MP: 0/9
  2666 | D:3      | Found a faded altar of an unknown god.
  2680 | D:3      | Got Plato's Handbook of Battling
  2852 | D:3      | Found an opulent altar of Gozag.
  2861 | D:3      | Became a worshipper of Gozag Ym Sagoz the Greedy
  3352 | D:4      | Reached XP level 6. HP: 27/32 MP: 5/10
  3433 | D:4      | Noticed a black bear
  3441 | D:4      | Killed a black bear
  3442 | D:4      | Reached skill level 5 in Earth Magic
  3607 | D:4      | Reached skill level 1 in Fighting
  3607 | D:4      | Reached XP level 7. HP: 34/38 MP: 6/12
  3773 | D:4      | You fall into a shaft and drop 3 floors!
  3889 | D:7      | Reached skill level 6 in Earth Magic
  3911 | D:6      | Reached XP level 8. HP: 34/44 MP: 0/14
  3918 | D:6      | Noticed a troll
  3926 | D:5      | Entered Level 5 of the Dungeon
  3935 | D:6      | Slain by a troll

Illustrated notes

Levels and vault maps discovered:
D:1:      dpeg_arrival_pond, layout_loops_ring, minmay_ruptured
D:2:      layout_basic, serial_shops, nicolae_square_shop, minmay_pentomino_t4
D:3:      layout_basic, nicolae_gozag_seed_capital,
          shapermc_ecumenical_altar_rom_forum, minmay_crystal_water
D:4:      layout_rooms, tso_oasis_becter, minmay_temple_entry_poolview
D:5:      layout_rooms, mainiacjoe_overflow_alcove_2, evilmike_ruin_ashenzari,
          serial_shops, nicolae_square_shop, kennysheep_cluttered_room,
          minmay_liquid_box, minmay_mini_ossuary
D:6:      layout_rooms, nicolae_ru_the_path_less_chosen,
          nicolae_sif_muna_condensation,
          nicolae_hepliaklqana_ecumenical_no_more,
          mainiacjoe_overflow_two_lobes, enter_ossuary_4
D:7:      layout_loops_corners, mainiacjoe_overflow_alcove_1

Skill      XL: |  1  2  3  4  5  6  7 |
---------------+----------------------+-----
Conjurations   | 1 2 3 4 |  4.5
Transmutations | 1 |  1.5
Earth Magic    | 4 5 6 |  6.1
Dodging        | 2 |  2.9
Stealth        | 3 4 |  4.1
Spellcasting   | 3 4 |  4.1
Fighting       | 1 2 |  2.0

Action                     |  1- 3 |  4- 6 |  7- 9 || total
---------------------------+-------+-------+-------++-------
  Melee: Unarmed           |     2 |       |       ||     2
         Whip              |       |     4 |    11 ||    15
   Cast: Sandblast         |    52 |    61 |    36 ||   149
    Use: Potion            |       |       |     2 ||     2
 Armour: Robe              |     1 |    19 |    20 ||    40
  Dodge: Dodged            |     3 |    30 |    42 ||    75

Table legend: (Time is in decaauts)
 A = Elapsed time spent in this place.
 B = Non-inter-level travel time spent in this place.
 C = Inter-level travel time spent in this place.
 D = Time resting spent in this place.
 E = Time spent auto-exploring this place.
 F = Levels seen in this place.
 G = Mean time per level.
                   A        B        C        D        E       F      G
               +--------+--------+--------+--------+--------+-----+--------+
         Total |   4009 |   3916 |     93 |     81 |   3258 |   7 |  572.7 |
       Dungeon |   4009 |   3916 |     93 |     81 |   3258 |   7 |  572.7 |
               +--------+--------+--------+--------+--------+-----+--------+

Top non-repeatable levels by time:
     D:3: 1335 daAuts
     D:2: 1137 daAuts
     D:1: 918 daAuts
     D:4: 439 daAuts
     D:7: 140 daAuts
     D:6: 35 daAuts
     D:5: 1 daAuts
